 Dungeon Crawl Stone Soup version 0.18.1-50-g88ac8fd (webtiles) character file.

2573 Amnesiac the Inventor (level 9, -2/41 HPs)
             Began as a Deep Elf Artificer on Feb 28, 2018.
             Was a Priest of Pakellas.
             Slain by an ogre
             ... wielding a +0 giant club
              (12 damage)
             ... on level 7 of the Dungeon.
             The game lasted 00:15:57 (7553 turns).

Amnesiac the Inventor (Deep Elf Artificer)          Turns: 7553, Time: 00:15:58

Health: -2/41      AC: 18    Str:  7 (8)  XL:     9   Next: 32%
Magic:  3/21       EV: 15    Int: 20 (23) God:    Pakellas [***...]
Gold:   553        SH:  0    Dex: 15 (18) Spells: 1 memorised, 6 levels left

rFire  . . .     SeeInvis .     a - +3 shortbow (flame)
rCold  + . .     Gourm    .     E - +3 ring mail
rNeg   . . .     Faith    .     (shield currently unavailable)
rPois  .         Spirit   .     (no helmet)
rElec  .         Dismiss  .     I - +0 cloak
rCorr  .         Reflect  .     q - +0 pair of gloves
SustAt .         Harm     .     C - +1 pair of boots
MR     .....                    (no amulet)
Stlth  ++........               r - +5 ring of protection
                                g - ring of protection from cold

@: agile, not resistant to hostile enchantments, unstealthy
A: clever 1, clumsy 1, frail 1, shaggy fur 1, subdued magic 1
a: Quick Charge, Device Surge, Renounce Religion


You were on level 7 of the Dungeon.
You worshipped Pakellas.
Pakellas was most pleased with you.
You were not hungry.

You visited 2 branches of the dungeon, and saw 8 of its levels.

You collected 553 gold pieces.

Inventory:

Hand Weapons
 a - a +3 shortbow of flaming (weapon)
 b - a +0 short sword of draining
 M - a +4 mace
Missiles
 l - 281 stones
 t - 52 poisoned needles
 D - 69 arrows (quivered)
Armour
 q - a +0 pair of gloves (worn)
 C - a +1 pair of boots (worn)
 E - a +3 ring mail (worn)
 I - a +0 cloak (worn)
 T - a +3 chain mail
Rods
 k - a +5 lightning rod (14/14)
   (You acquired it on level 7 of the Dungeon)
Jewellery
 g - a ring of protection from cold (left hand)
 j - an uncursed ring of ice
 r - a +5 ring of protection (right hand)
 x - an uncursed amulet of harm
 F - a +5 ring of intelligence
Wands
 c - a wand of flame (12/48)
 d - a wand of enslavement (14/24)
 e - a wand of random effects (0/48)
 G - a wand of confusion (20/48)
 J - a wand of digging (11/24)
 O - a wand of iceblast (9/15)
 R - a wand of flame (18/48)
Scrolls
 i - 3 scrolls of remove curse {!r}
 n - a scroll of enchant armour {!r}
 o - 3 scrolls of fog {!r}
 u - 2 scrolls of teleportation {!r}
 v - 4 scrolls of identify {!r}
 w - a scroll of enchant weapon {!r}
 y - 4 scrolls of recharging {!r}
Potions
 h - 2 potions of heal wounds {!q, unknown}
 z - 2 potions of might {!q, unknown}
 A - 3 potions of curing {!q, unknown}
 P - a potion of cure mutation {!q, unknown}
 W - a potion of magic {!q, unknown}
Books
 s - a book of Changes

   Spells                             Type                      Level
   a - Beastly Appendage              Transmutation                1
   b - Sticks to Snakes               Transmutation                2
   c - Spider Form                    Transmutation/Poison         3
   d - Ice Form                       Ice/Transmutation            4
   e - Blade Hands                    Transmutation                5
 Q - a book of Conjurations

   Spells                             Type                      Level
   a - Magic Dart                     Conjuration                  1
   b - Searing Ray                    Conjuration                  2
   c - Dazzling Spray                 Conjuration/Hexes            3
   d - Fulminant Prism                Conjuration/Hexes            4
   e - Iskenderun's Mystic Blast      Conjuration                  4
   f - Iskenderun's Battlesphere      Conjuration/Charms           5
Miscellaneous
 L - a phantom mirror
Comestibles
 f - 12 bread rations
 m - 2 royal jellies
 p - 7 meat rations
 H - 5 beef jerkies
 K - 7 slices of pizza
 S - 6 chunks of flesh
 U - 3 fruits


   Skills:
 - Level 0.7 Fighting
 - Level 1.0 Short Blades
 - Level 2.4 Dodging
 - Level 1.2 Stealth
 + Level 13.6 Evocations


You had 6 spell levels left.
You knew the following spells:

 Your Spells              Type           Power        Failure   Level  Hunger
a - Sticks to Snakes      Trmt           #.......     87%         2    ###....


Dungeon Overview and Level Annotations

Branches:
Dungeon (7/15)             Temple (1/1) D:5

Altars:
Ashenzari
Cheibriados
Dithmenos
Elyvilon
Fedhas
Gozag
Kikubaaqudgha
Makhleb
Nemelex Xobeh
Okawaru
Pakellas
Qazlal
Ru
Sif Muna
Trog
Vehumet
Xom
Yredelemnul
Zin
The Shining One


Innate Abilities, Weirdness & Mutations

Your mind is acute. (Int +2)
You are clumsy. (Dex -2)
You are frail (-10% HP).
You are covered in fur (AC +1).
Your spells are a little easier to cast, but a little less powerful.


Message History

Aim: a worker ant (heavily wounded)
You shoot an arrow. The arrow hits the worker ant.
The arrow burns the worker ant.
The worker ant is almost dead.
The worker ant closely misses you. The ogre hits you but does no damage.
Firing (i - inventory. (,) - cycle):
D - 76 arrows (quivered)
Press: ? - help, Shift-Dir - straight line, f/p - worker ant
Aim: a worker ant (almost dead)
You shoot an arrow. The arrow barely misses the worker ant.
The arrow barely misses the ogre.
The worker ant bites you!
The worker ant bites you but does no damage.
Firing (i - inventory. (,) - cycle):
D - 75 arrows (quivered)
Press: ? - help, Shift-Dir - straight line, f/p - worker ant
Aim: a worker ant (almost dead)
You shoot an arrow. The arrow hits the worker ant.
The arrow burns the worker ant.
You kill the worker ant!
Pakellas accepts your kill.
You feel your power returning.
Firing (i - inventory. (,) - cycle):
D - 74 arrows (quivered)
Press: ? - help, Shift-Dir - straight line, f - ogre
Aim: an ogre, wielding a giant club You shoot an arrow.
The arrow barely misses the ogre.
The arrow barely misses the quokka.
The ogre barely misses you.
Firing (i - inventory. (,) - cycle):
D - 73 arrows (quivered)
Press: ? - help, Shift-Dir - straight line, f/p - ogre
Aim: an ogre, wielding a giant club You shoot an arrow.
The arrow closely misses the ogre.
The arrow closely misses the quokka.
The ogre hits you with a giant club!
* * * LOW HITPOINT WARNING * * *
Firing (i - inventory. (,) - cycle):
D - 72 arrows (quivered)
Press: ? - help, Shift-Dir - straight line, f/p - ogre
Aim: an ogre, wielding a giant club You shoot an arrow.
The arrow barely misses the ogre.
The arrow hits the quokka.
The arrow burns the quokka.
The quokka is heavily wounded.
The ogre closely misses you.
Firing (i - inventory. (,) - cycle):
D - 71 arrows (quivered)
Press: ? - help, Shift-Dir - straight line, f/p - ogre
Aim: an ogre, wielding a giant club You shoot an arrow.
The arrow hits the ogre.
The arrow burns the ogre.
The ogre is lightly wounded.
The ogre barely misses you.
Firing (i - inventory. (,) - cycle):
D - 70 arrows (quivered)
Press: ? - help, Shift-Dir - straight line, f/p - ogre
Aim: an ogre, wielding a giant club (lightly wounded)
You shoot an arrow. The arrow hits the ogre.
The arrow burns the ogre.
The ogre is moderately wounded.
The ogre hits you with a giant club!
* * * LOW HITPOINT WARNING * * *
Wield which item (- for none, * to show all)? (? for menu, Esc to quit)
Okay, then.
Wield which item (- for none, * to show all)? (? for menu, Esc to quit)
Okay, then.
Read which item? (? for menu, Esc to quit)
Okay, then.
Drink which item? (? for menu, Esc to quit)
Okay, then.
Drink which item? (? for menu, Esc to quit)
Really quaff
B - a potion of agility {!q}?
You feel agile all of a sudden. The ogre hits you with a giant club!
You die...
Pakellas says: Good help is so hard to find these days!

...............#.###.# #.#
#† #######..#...##.## #.#
#.# #. #..##.##### #.#
#.#####† #..##.#
#.#####)...... #..##.#####
#............. #.........#
############## #........>#
#.........##########
#######.#.......@Or......#
#
........#.......########.#
. ........#.......# #.# #
........#.......# #.#
........##.#.#### #.#
.......###.#.# #.#
.......# #.#.# #(#
.......# #.#.# #....((#
..###.## #.#.# #(......


You could see an ogre and a quokka.

Vanquished Creatures
  A human (D:7)
  A killer bee (D:7)
  6 orc warriors
  A sky beast (D:7)
  A phantom (D:7)
  An ogre (D:6)
  An ice beast (D:7)
  A centaur (D:5)
  2 giant frogs
  2 scorpions
  5 howler monkeys
  3 crimson imps
  2 hounds
  4 orc priests
  6 orc wizards
  2 iguanas
  6 worker ants
  A killer bee zombie (D:5)
  4 sheep (D:7)
  A hound skeleton (D:6)
  2 adders
  A shadow imp (D:5)
  An ooze (D:2)
  2 adder skeletons
  2 worms
  2 dart slugs
  5 giant geckos
  27 orcs
  4 giant cockroaches
  3 goblins
  13 hobgoblins
  7 kobolds
  6 quokkas
  A ball python (D:3)
  4 bats
  5 giant newts
  A quokka zombie (D:6)
  7 rats
144 creatures vanquished.

Vanquished Creatures (collateral kills)
  4 killer bees (D:7)
  A hobgoblin (D:3)
5 creatures vanquished.

Vanquished Creatures (others)
  An adder (D:4)
1 creature vanquished.

Grand Total: 150 creatures vanquished

Notes
Turn   | Place    | Note
--------------------------------------------------------------
     0 | D:1      | Amnesiac the Deep Elf Artificer began the quest for the Orb.
     0 | D:1      | Reached XP level 1. HP: 11/11 MP: 5/5
   359 | D:1      | Reached skill level 4 in Evocations
   359 | D:1      | Reached XP level 2. HP: 4/16 MP: 7/7
  1228 | D:4      | Reached skill level 5 in Evocations
  1228 | D:4      | Reached XP level 3. HP: 7/20 MP: 8/8
  1410 | D:4      | Reached XP level 4. HP: 21/24 MP: 8/10
  1421 | D:4      | Learned a level 2 spell: Sticks to Snakes
  1574 | D:3      | Reached skill level 6 in Evocations
  1886 | D:4      | Found a shimmering altar of Xom.
  1938 | D:4      | Found a shimmering altar of Xom.
  1938 | D:4      | Found a shimmering altar of Xom.
  1939 | D:4      | Found a shimmering altar of Xom.
  1941 | D:4      | Found a shimmering altar of Xom.
  2233 | D:4      | Reached XP level 5. HP: 12/28 MP: 11/11
  2559 | D:5      | Entered Level 5 of the Dungeon
  2775 | D:5      | Noticed a centaur
  2779 | D:5      | Reached skill level 7 in Evocations
  2798 | D:5      | Killed a centaur
  2798 | D:5      | Reached XP level 6. HP: 12/33 MP: 13/13
  2990 | D:5      | Found a staircase to the Ecumenical Temple.
  3035 | Temple   | Entered the Ecumenical Temple
  3176 | Temple   | Became a worshipper of Pakellas the Inventive
  4009 | D:2      | Found a shadowy altar of Dithmenos.
  4096 | D:3      | Reached skill level 8 in Evocations
  4139 | D:3      | Reached * piety under Pakellas
  4139 | D:3      | Received a gift from Pakellas
  4782 | D:3      | Found a bloodstained altar of Trog.
  5153 | D:5      | Found an iron altar of Okawaru.
  5312 | D:5      | Reached XP level 7. HP: 29/37 MP: 15/15
  5519 | D:5      | Reached skill level 9 in Evocations
  5529 | D:5      | Reached ** piety under Pakellas
  5529 | D:5      | Received a gift from Pakellas
  6132 | D:6      | Reached skill level 10 in Evocations
  6255 | D:6      | Reached XP level 8. HP: 24/42 MP: 17/17
  6518 | D:6      | Reached skill level 11 in Evocations
  6871 | D:7      | Reached *** piety under Pakellas
  6871 | D:7      | Received a gift from Pakellas
  6872 | D:7      | Reached skill level 12 in Evocations
  7070 | D:7      | Reached XP level 9. HP: 7/46 MP: 20/20
  7157 | D:7      | Gained mutation: Your spells are a little easier to cast, but a little less powerful. [mutagenic meat]
  7158 | D:7      | Gained mutation: You are clumsy. (Dex -2) [mutagenic meat]
  7159 | D:7      | Gained mutation: You are covered in fur (AC +1). [mutagenic meat]
  7160 | D:7      | Gained mutation: Your mind is acute. (Int +2) [mutagenic meat]
  7161 | D:7      | Gained mutation: You are frail (-10% HP). [mutagenic meat]
  7181 | D:7      | Reached skill level 13 in Evocations
  7250 | D:7      | Identified a scroll of acquirement {!r}
  7553 | D:7      | Slain by an ogre

Skill      XL: |  1  2  3  4  5  6  7  8  9 |
---------------+----------------------------+-----
Evocations     | 4 5 6 7 8 10 12 13 | 13.6
Fighting       | |  0.7
Short Blades   | |  1.0
Dodging        | |  2.4
Stealth        | |  1.2

Action                   |  1- 3 |  4- 6 |  7- 9 || total
-------------------------+-------+-------+-------++-------
Melee: Short sword       |    73 |   178 |       ||   251
       Mace              |       |       |    13 ||    13
 Fire: Shortbow          |       |   107 |   240 ||   347
Invok: Quick Charge      |       |       |     4 ||     4
Evoke: Wand              |    15 |    17 |    37 ||    69
  Use: Scroll            |       |    11 |     5 ||    16
       Potion            |       |       |     2 ||     2
 Stab: Sleeping          |     1 |     1 |       ||     2
       Confused          |       |     2 |       ||     2
  Eat: Chunk             |     1 |    10 |    13 ||    24
       Pizza             |       |     1 |       ||     1
       Beef jerky        |       |     1 |       ||     1
Armor: Leather armour    |    19 |    28 |       ||    47
       Ring mail         |       |    49 |   117 ||   166
Dodge: Dodged            |    55 |   140 |   104 ||   299
